 Dungeon Crawl Stone Soup version 0.20.2-3-g29329e0561 (webtiles) character file.

101 Alfie the Skirmisher (level 4, 0/41 HPs)
             Began as a Hill Orc Fighter on Nov 8, 2023.
             Killed from afar by an orc wizard (5 damage)
             ... with a magic dart
             ... on level 3 of the Dungeon.
             The game lasted 00:04:20 (1702 turns).

Alfie the Skirmisher (Hill Orc Fighter)             Turns: 1702, Time: 00:04:21

Health: 0/41       AC:  8    Str: 19    XL:     4   Next: 75%
Magic:  4/4        EV:  7    Int:  8    God:
Gold:   68         SH:  9    Dex: 10    Spells: 3/3 levels left

rFire    . . .     SeeInvis .   a - +0 rapier
rCold    . . .     Gourm    .   c - +0 shield
rNeg     . . .     Faith    .   b - +0 scale mail
rPois    .         Spirit   .   (no helmet)
rElec    .         Reflect  .   (no cloak)
rCorr    .         Harm     .   (no gloves)
MR       .....                  l - +0 pair of boots
Stlth    ..........             (no amulet)
Regen    0.2/turn               (no ring)
MPRegen  0.1/turn               (no ring)

@: no status effects
A: no striking features
a: no special abilities


You were on level 3 of the Dungeon.
You were not hungry.

You visited 1 branch of the dungeon, and saw 3 of its levels.

You collected 68 gold pieces.

Inventory:

Hand Weapons
 a - a +0 rapier (weapon)
Armour
 b - a +0 scale mail (worn)
 c - a +0 shield (worn)
 l - a +0 pair of boots (worn)
Jewellery
 k - an uncursed ring of flight {unknown}
 q - an uncursed amulet of faith {unknown}
Scrolls
 e - 2 scrolls of magic mapping
 h - 3 scrolls of teleportation
 i - 2 scrolls of remove curse
 m - a scroll of immolation {unknown}
 p - a scroll of fog {unknown}
Potions
 d - a potion of might
 j - a potion of brilliance {unknown}
 n - 2 potions of lignification {unknown}
 o - a potion of curing {unknown}
 r - a potion of berserk rage {unknown}
Comestibles
 f - 2 bread rations


   Skills:
 + Level 4.3 Fighting
 + Level 2.7 Short Blades
 + Level 4.0 Armour
 + Level 0.1 Dodging
 + Level 4.3 Shields


You had 3 spell levels left.
You didn't know any spells.

Dungeon Overview and Level Annotations

Branches:
Dungeon (3/15)

Altars:
Sif Muna

Annotations:
D:3 Blork the orc


Message History

The magic dart hits you!
You hear some strange, mumbled words.
A puff of flame appears from out of thin air!
The puff of flame hits you!
* * * LOW HITPOINT WARNING * * *
The orc wizard gestures at you while chanting.
The magic dart hits you!
* * * LOW HITPOINT WARNING * * *
Something hits you but does no damage. The orc wizard casts a spell at you.
You resist with some effort.
You completely miss the orc wizard.
The orc wizard is almost dead.
The orc wizard hits you but does no damage.
Something hits you but does no damage.
You barely miss the orc wizard.
The orc wizard is almost dead.
The orc wizard gestures at you while chanting.
The magic dart hits you!
You die...

..#...≈≈...≈≈...
?.##...≈≈≈≈≈...#
...#....≈≈≈....#
##...##.........## ##...
##.......## # .o.
###...### #. #o#
#._.#####
####.##.########...#....
.......@o...)..#####....
#............### #....
#............# #....
#............# #....
#.........)..#######....
#.......................
###########.............
#.............
#.........#.##


You could see an orc wizard and 2 orcs.

Vanquished Creatures
  A gnoll (D:1)
  3 adders
  3 oozes
  6 orcs (D:3)
  A ball python (D:3)
  2 giant cockroaches
  6 goblins
  6 hobgoblins
  2 jackals (D:1)
  2 quokkas (D:2)
  3 bats
  2 frilled lizards
  7 kobolds
44 creatures vanquished.

Notes
Turn   | Place    | Note
-------+----------+-------------------------------------------
     0 | D:1      | Alfie the Hill Orc Fighter began the quest for the Orb.
     0 | D:1      | Reached XP level 1. HP: 19/19 MP: 1/1
    54 | D:1      | Reached XP level 2. HP: 16/27 MP: 2/2
   145 | D:1      | Reached XP level 3. HP: 18/33 MP: 3/3
   821 | D:2      | Reached XP level 4. HP: 22/41 MP: 4/4
  1385 | D:3      | Noticed Blork the orc
  1394 | D:3      | Found a deep blue altar of Sif Muna.
  1702 | D:3      | Killed from afar by an orc wizard

Skill      XL: |  1  2  3  4 |
---------------+-------------+-----
Fighting       | 4 |  4.3
Shields        | 4 |  4.3
Armour         | 4 |  4.0
Short Blades   | |  2.7
Dodging        | |  0.1

Action                   |  1- 3 |  4- 6 || total
-------------------------+-------+-------++-------
Melee: Rapier            |    94 |   108 ||   202
  Use: Scroll            |     2 |     1 ||     3
  Eat: Royal jelly       |       |     2 ||     2
Armor: Scale mail        |    29 |    45 ||    74
Dodge: Dodged            |    34 |    33 ||    67
Block: Shield            |    36 |    53 ||    89
